 Dungeon Crawl Stone Soup version 0.26-a0-190-g75a3d40d47 (console) character file.

Game seed: 4383312885005062515

47 bli the Digger (level 3, 0/19 HPs)
             Began as a Gargoyle Earth Elementalist on July 4, 2020.
             Slain by an adder (1 damage)
             ... on level 2 of the Dungeon.
             The game lasted 00:03:33 (1548 turns).

bli the Digger (Gargoyle Earth Elementalist)        Turns: 1548, Time: 00:03:33

Health: 0/19       AC:  5    Str: 11    XL:     3   Next: 70%
Magic:  7/7        EV: 12    Int: 16    God:
Gold:   67         SH:  0    Dex: 10    Spells: 7/8 levels left

rFire    + . .     SeeInvis .   m - +0 whip
rCold    x . .     Faith    .   (no shield)
rNeg     + . .     Spirit   .   c - +0 robe
rPois    ∞         Reflect  .   (no helmet)
rElec    +         Harm     .   (no cloak)
rCorr    .         Rnd*Tele +   (no gloves)
MR       .....                  (no boots)
Stlth    ++........             e - amulet of inaccuracy (curse)
HPRegen  0.06/turn              l - ring of fire
MPRegen  0.10/turn              f - ring of teleportation (curse)

@: mighty
A: negative energy resistance 1, electricity resistance, unbreathing,
petrification resistance, rot immunity, AC +3
a: no special abilities


You were on level 2 of the Dungeon.
You were not hungry.

You visited 1 branch of the dungeon, and saw 2 of its levels.

You collected 67 gold pieces.

Inventory:

Hand Weapons
 g - a +0 club
 i - a +0 hunting sling
 m - a +0 whip (weapon)
Missiles
 h - 2 boomerangs (quivered)
Armour
 c - a +0 robe (worn)
Jewellery
 e - a cursed amulet of inaccuracy (around neck)
 f - a cursed ring of teleportation (right hand)
 l - a ring of fire (left hand)
Scrolls
 a - a scroll of amnesia {unknown}
 j - 2 scrolls of teleportation
 k - a scroll of fear {unknown}
 q - a scroll of identify {unknown}
 r - a scroll of remove curse {unknown}
Potions
 b - a potion of resistance {unknown}
 o - a potion of haste {unknown}
Comestibles
 d - 6 rations
 n - 6 chunks of flesh


   Skills:
 + Level 2.0 Dodging
 + Level 2.6 Stealth
 * Level 3.2 Spellcasting
   Level 0.7 Transmutations
 + Level 3.6 Earth Magic


You had 7 spell levels left.
You knew the following spells:

 Your Spells              Type           Power        Failure   Level  Hunger
a - Sandblast             Erth           ##....       4%          1    None

Your spell library contained the following spells:

 Spells                   Type           Power        Failure   Level  Hunger
 Passwall                 Tmut/Erth      #.......     12%         2    ##.....
 Stone Arrow              Conj/Erth      #.....       26%         3    ###....
 Petrify                  Tmut/Erth      #.......     58%         4    ####...
 Lee's Rapid Deconstruct  Erth           ##........   75%         5    ######.


Dungeon Overview and Level Annotations

Branches:
Dungeon (2/15)

Altars:
Yredelemnul


Innate Abilities, Weirdness & Mutations

You are resistant to torment.
Your stone body is resilient. (AC +3)
You are immune to poison.
You resist negative energy. (rN+)
You are resistant to electric shocks. (rElec)
You can survive without breathing.
You are immune to petrification.
You are immune to rotting.


Message History

Aim: an adder (severely wounded)
You throw a boomerang. The boomerang misses the adder.
The adder barely misses you. The adder completely misses you.
You miss the adder.
The adder is severely wounded.
The adder bites you.
* * * LOW HITPOINT WARNING * * *
You barely miss the adder.
The adder is severely wounded.
The adder bites you.
* * * LOW HITPOINT WARNING * * *
You miss the adder.
The adder is severely wounded.
The adder bites you but does no damage. The adder misses you.
You closely miss the adder.
The adder is severely wounded.
The adder bites you but does no damage.
It was a potion of might.
You feel very mighty all of a sudden. The adder bites you.
You die...

#.......####.#.#.#.#.#
#.#####.# ##.##.._..#
#.# #.####.###
#####.#####.# #...
#...........# #.###
#.###.#####.# #.#
#........# #<#
#.÷#####.# #..# .##
#..####..<###
#....@S......
#######...### .## #


You could see an adder.

Vanquished Creatures
  2 adders (D:2)
  An ooze (D:2)
  A worm (D:2)
  A leopard gecko (D:2)
  5 goblins
  4 hobgoblins (D:1)
  2 bats (D:1)
  A frilled lizard (D:2)
  4 kobolds
  A rat (D:1)
22 creatures vanquished.

Notes
Turn   | Place    | Note
-------+----------+-------------------------------------------
     0 | D:1      | bli the Gargoyle Earth Elementalist began the quest for the
                  | Orb.
     0 | D:1      | Reached XP level 1. HP: 10/10 MP: 3/3
   417 | D:1      | Reached XP level 2. HP: 15/15 MP: 3/5
  1306 | D:2      | Reached XP level 3. HP: 19/19 MP: 4/7
  1455 | D:2      | Found a basalt altar of Yredelemnul.
  1548 | D:2      | Slain by an adder

Illustrated notes

Levels and vault maps discovered:
D:1:      minmay_arrival_doors, layout_basic
D:2:      layout_loops_ring, lemuel_crystal_altar, st_stairs_9

Skill      XL: |  1  2  3 |
---------------+----------+-----
Spellcasting   | 3 |  3.2
Dodging        | 2 |  2.0
Stealth        | |  2.6
Transmutations | |  0.7
Earth Magic    | |  3.6

Action                   || total
-------------------------++-------
Melee: Club              ||    16
       Unarmed           ||    10
       Whip              ||    42
Throw: Boomerang         ||     4
 Cast: Sandblast         ||    33
  Use: Scroll            ||     1
       Potion            ||     1
 Stab: Sleeping          ||     3
  Eat: Chunk             ||     2
Armor: Robe              ||    28
Dodge: Dodged            ||    48

Table legend:
 A = Non-vault XP
 B = Vault XP
 C = Vault XP percentage of total XP
 D = Non-vault monster count
 E = Vault monster count
 F = Vault count percentage of total count
                 A         B        C        D         E       F
            +---------+---------+-------+---------+---------+-------
      Total |      57 |      11 |  16.2 |      19 |       3 |  13.6
            +---------+---------+-------+---------+---------+-------
        D:1 |      21 |       0 |   0.0 |      13 |       0 |   0.0
        D:2 |      36 |      11 |  23.4 |       6 |       3 |  33.3
            +---------+---------+-------+---------+---------+-------
